 Dungeon Crawl Stone Soup version 0.31.0-32-g396128a36d (webtiles) character file.

Game seed: 11223765225292496966

1143 zablic the Cudgeller (level 8, -8/7 HPs)
             Began as a Troll Berserker on Mar 10, 2024.
             Was a Priest of Trog.
             Mangled by an adder (10 damage)
             ... on level 6 of the Dungeon on Mar 11, 2024.
             The game lasted 00:40:30 (5539 turns).

zablic the Cudgeller (Troll Berserker)              Turns: 5539, Time: 00:40:30

Health: -8/7       AC:  2    Str: 28    XL:     8   Next: 15%
Magic:  7/7        EV:  1    Int:  3    God:    Trog [***...]
Gold:   276        SH:  0    Dex: 15    Spells: 7/7 levels left

rFire   . . .        C - +2 spear (freeze)
rCold   . . .        (no shield)
rNeg    . . .        b - melded +0 animal skin
rPois   .            (helmet restricted)
rElec   .            (no cloak)
rCorr   .            (gloves unavailable)
SInv    +            (boots unavailable)
Will    .....        c - amulet of reflection
Stlth   ++           i - ring of see invisible
HPRegen 1.01/turn    v - +6 ring of dexterity
MPRegen 0.10/turn

%: reflection
@: maw-form, sleeping
A: devouring maw, reduced hp, large, unfitting armour, claws 3, regeneration 1,
shaggy fur 1, tough skin 1
a: Begin Untransformation, Renounce Religion, Berserk, Trog's Hand


You were on level 6 of the Dungeon.
You worshipped Trog.
Trog was most pleased with you.
You were a creature with a mouth for a stomach.
You visited 2 branches of the dungeon, and saw 7 of its levels.

You collected 276 gold pieces.

Inventory:

Hand Weapons
 a - a +0 mace
 o - a +0 whip
 q - a +1 dagger of venom
 t - a +0 dagger
 x - a +0 hand axe
 C - a +2 spear of freezing (weapon)
 D - a +0 flail
 E - a +0 halberd
 F - a +0 giant club
 I - a +1 dagger of venom
 K - a +1 heavy war axe
 L - a +0 shortbow
 M - a +2 short sword of venom
Missiles
 y - 6 boomerangs (quivered)
Armour
 b - a +0 animal skin (melded)
 r - a +0 helmet
 J - a +0 buckler
Magical Staves
 n - a staff of fire
Jewellery
 c - an amulet of reflection (around neck)
 i - a ring of see invisible (left claw)
 l - a +6 ring of intelligence
 v - a +6 ring of dexterity (right claw)
Talismans
 O - a maw talisman (active)
Wands
 u - a wand of charming (8)
 G - a wand of polymorph (11)
Scrolls
 d - 2 scrolls of immolation {unknown}
 g - 8 scrolls of identify {unknown}
 j - a scroll of fog {unknown}
 k - 3 scrolls of torment {unknown}
 m - a scroll of vulnerability {unknown}
 p - a scroll of acquirement {unknown}
 s - 2 scrolls of blinking {unknown}
 z - a scroll of poison {unknown}
 A - 2 scrolls of enchant weapon {unknown}
 H - 3 scrolls of revelation {unknown}
 N - a scroll of teleportation {unknown}
Potions
 e - 2 potions of lignification {unknown}
 f - 2 potions of curing
 h - a potion of heal wounds {unknown}
 w - a potion of mutation {unknown}
 B - a potion of brilliance {unknown}


   Skills:
 + Level 4.1 Fighting
 + Level 5.6 Maces & Flails
 * Level 3.3 Polearms
 + Level 4.3 Dodging
 + Level 0.7 Stealth
 + Level 2.1 Shields


You had 7 spell levels left.
You didn't know any spells.
Your spell library was empty.

Dungeon Overview and Level Annotations

Branches:
Dungeon (6/15)             Temple (1/1) D:5

Altars:
Ashenzari
Cheibriados
Dithmenos
Elyvilon
Fedhas
Gozag
Hepliaklqana
Kikubaaqudgha
Okawaru
Ru
Sif Muna
Trog
Uskayaw
Vehumet
Wu Jian
Xom
Yredelemnul
Zin
The Shining One

Shops:
D:4 ?*(


Innate Abilities, Weirdness & Mutations

You are a creature with a mouth for a stomach.
Your midsection houses a second, enormous mouth.
Your maximum health is decreased, since you lack skill for your form.
You are too large for most types of armour.
You have claws for hands.
Your natural rate of healing is unusually fast.
You are covered in fur. (AC +1)
You have tough skin. (AC +1)


Message History

O - a maw talisman
Okay, then.
There's nothing to open nearby.
Unknown command.
Unknown command.
Okay, then.
Okay, then.
No target in view!
You begin transforming.
You continue transforming. x3
You turn into a creature with a mouth for a stomach.
Your +0 animal skin melds into your body.
HP restored.
Found 19 gold pieces.
An orc comes into view. It is wielding a +0 flail.
The orc shouts!
An adder comes into view.
You see here 19 gold pieces.
The adder hisses angrily.
A sleepcap comes into view.
The orc hits you with a +0 flail.
Ouch! That really hurt!
A sleepcap comes into view.
You barely miss the orc. Your bite misses the orc. The orc closely misses you.
You hit the orc. You freeze the orc. Your bite misses the orc.
The orc is heavily wounded.
The adder closely misses you. You block the orc's attack.
The adder barely misses you.
You puncture the orc! You freeze the orc.
You devour the orc!
You feel better.
You kill the orc!
Trog accepts your kill. The adder bites you.
You closely miss the adder. The sleepcap releases spores at you.
Ouch! That really hurt!
* * * LOW HITPOINT WARNING * * *
You are engulfed in a cloud of soporific spores!
You fall asleep.
The adder bites you but does no damage. The adder bites you!
Ouch! That really hurt!
You die...

#.. ### #..#. ..##
#..... # #... #....#
#. ##.. ..... >.
##.... ##.#.#.#. .#
...#.###)f.....#
.#######.###.#$.WS..#
...##..........##f...#
##......####.###
....... .........# #.#
....... ....####.###.#
....... #####
#.>...#########.# #
##..........# #
#..........#
#..........#


You could see 2 sleepcaps and an adder.

Vanquished Creatures
  A black bear (D:5)
  An ogre (D:5)
  A centaur (D:5)
  A kobold brigand (D:5)
  3 scorpions
  A bombardier beetle (D:4)
  A howler monkey (D:5)
  A hound (D:5)
  2 orc priests (D:3)
  A gnoll bouda (D:4)
  An iguana (D:5)
  3 orc wizards
  Robin (D:3)
  10 adders
  10 gnolls
  2 ufetubi (D:6)
  A ribbon worm (D:2)
  5 dart slugs
  15 orcs
  7 ball pythons
  5 endoplasms
  7 giant cockroaches
  13 goblins
  11 hobgoblins
  5 jackals
  22 kobolds
  A quokka (D:4)
  7 bats
  A frilled lizard (D:2)
  7 rats
147 creatures vanquished.

Notes
Turn   | Place    | Note
-------+----------+-------------------------------------------
     0 | D:1      | zablic the Troll Berserker began the quest for the Orb.
     0 | D:1      | Reached XP level 1. HP: 22/22 MP: 0/0
   127 | D:1      | Reached XP level 2. HP: 29/29 MP: 1/1
   216 | D:1      | Reached skill level 3 in Maces & Flails
   527 | D:1      | Reached ** piety under Trog
   823 | D:2      | Reached XP level 3. HP: 36/36 MP: 2/2
   915 | D:2      | Reached XP level 4. HP: 25/44 MP: 3/3
  1643 | D:3      | Reached skill level 4 in Maces & Flails
  1878 | D:3      | Noticed Robin
  1889 | D:3      | Killed Robin
  1890 | D:3      | Reached XP level 5. HP: 53/53 MP: 4/4
  2024 | D:3      | Reached *** piety under Trog
  2312 | D:3      | Reached skill level 1 in Shields
  2827 | D:4      | Found a glowing drain.
  2994 | D:4      | Reached XP level 6. HP: 61/61 MP: 5/5
  3050 | D:4      | Found a radiant altar of Vehumet.
  3319 | D:4      | Reached skill level 5 in Maces & Flails
  3352 | D:4      | Found Hosupepu's Magic Scroll Shop.
  3352 | D:4      | Found Bakheryu's General Store.
  3353 | D:4      | Found Jech's Weapon Shop.
  3456 | D:4      | Found a hide-covered altar of Uskayaw.
  3464 | D:4      | Found a hazy altar of Hepliaklqana.
  3470 | D:4      | Found an ornate altar of the Wu Jian Council.
  3470 | D:4      | Found a glowing silver altar of Zin.
  3470 | D:4      | Found a blossoming altar of Fedhas.
  3471 | D:4      | Found a shimmering altar of Xom.
  3473 | D:4      | Found a bloodstained altar of Trog.
  3474 | D:4      | Found an ancient bone altar of Kikubaaqudgha.
  3475 | D:4      | Found a snail-covered altar of Cheibriados.
  3698 | D:5      | Entered Level 5 of the Dungeon
  3714 | D:5      | Reached skill level 1 in Polearms
  3714 | D:5      | Reached XP level 7. HP: 56/67 MP: 6/6
  3833 | D:5      | Found a staircase to the Ecumenical Temple.
  3888 | Temple   | Entered the Ecumenical Temple
  4752 | D:5      | Reached XP level 8. HP: 75/78 MP: 7/7
  5539 | D:6      | Mangled by an adder

Illustrated notes

Levels and vault maps discovered:
D:1:      grunt_arrival_crossed_arrows, layout_loops_ring
D:2:      layout_basic
D:3:      layout_basic, mainiacjoe_overflow_alcove_2, minmay_misc_feat_iff,
          nicolae_underground_beach, uniq_robin
D:4:      layout_loops_cross, fiery_altar_vehumet, minitemple,
          gup_sewer_entry_bowl, nicolae_shop_distant_corner_stores
D:5:      kennysheep_kobold_camp, layout_cave_pools,
          minmay_temple_entry_glassed_door, hangedman_glass_teeth, hex_large,
          chequers_jeans
D:6:      layout_rooms, hangedman_decor_opposing,
          hangedman_abyss_or_decor_passed, minmay_fractal_squares_gapless_5
Temple:   compressed_dpeg_triangle_lava_temple

Skill      XL: |  1  2  3  4  5  6  7  8 |
---------------+-------------------------+-----
Maces & Flails | 3 4 5 |  5.6
Fighting       | 3 4 |  4.1
Dodging        | 3 4 |  4.3
Shields        | 1 2 |  2.1
Polearms       | 1 2 3 |  3.3
Stealth        | |  0.7

Action                     |  1- 3 |  4- 6 |  7- 9 || total
---------------------------+-------+-------+-------++-------
  Melee: Mace              |    89 |   180 |       ||   269
         Punch             |     3 |     3 |     1 ||     7
         Spear             |       |    20 |   183 ||   203
 Invoke: Berserk           |       |     6 |     4 ||    10
         Trog's Hand       |       |     1 |     3 ||     4
    Use: Potion            |       |       |     1 ||     1
   Stab: Sleeping          |       |     1 |       ||     1
 Armour: Animal skin       |    70 |   142 |   133 ||   345
         Skin              |       |       |     5 ||     5
  Dodge: Dodged            |    49 |   135 |    86 ||   270
  Block: Other             |    26 |    50 |    36 ||   112
         Reflection        |     3 |     1 |     2 ||     6
   Form: Maw               |       |       |     1 ||     1
